 Dungeon Crawl Stone Soup version 0.19.5 (webtiles) character file.

261 Gargoyl the Skirmisher (level 6, -1/52 HPs)
             Began as a Ghoul Abyssal Knight on May 6, 2017.
             Was a Believer of Lugonu.
             Killed by divine providence
             ... invoked by an orc priest
              (12 damage)
             ... on level 3 of the Dungeon.
             The game lasted 00:07:24 (2689 turns).

Gargoyl the Skirmisher (Ghoul Abyssal Knight)       Turns: 2689, Time: 00:07:24

Health: -1/52      AC: 14    Str: 16    XL:     6   Next: 18%
Magic:  7/7        EV:  0    Int:  7    God:    Lugonu [**....]
Gold:   191        SH: 11    Dex: 10    Spells: 0 memorised, 5 levels left

rFire  . . .     SeeInvis .     a - +1 hand axe
rCold  + . .     Gourm    .     e - +2 plate armour
rNeg   + + +     Faith    .     n - +0 large shield
rPois  ∞         Spirit   .     (no helmet)
rElec  .         Reflect  .     (no cloak)
rCorr  .         Harm     .     (no gloves)
MR     .....                    h - +0 pair of boots
Stlth  ..........               (no amulet)
                                (no ring)
                                (no ring)

@: rotting
A: rotting body, claws 1, carnivore 3, cold resistance 1, negative energy
resistance 3, slow regeneration 1, torment resistance, unbreathing
a: Depart the Abyss, Bend Space, Renounce Religion


You were on level 3 of the Dungeon.
You worshipped Lugonu.
Lugonu was pleased with you.
You were not hungry.

You visited 1 branch of the dungeon, and saw 3 of its levels.
You visited the Abyss 1 time.

You collected 191 gold pieces.

Inventory:

Hand Weapons
 a - a +1 hand axe (weapon)
Missiles
 f - 4 tomahawks (quivered)
Armour
 e - a +2 plate armour (worn)
 h - a +0 pair of boots (worn)
 n - a +0 large shield (worn)
Scrolls
 i - a scroll of fog
 k - 7 scrolls of identify
 o - a scroll of random uselessness {unknown}
Potions
 b - a potion of berserk rage {unknown}
 j - a potion of lignification {unknown}
 l - a potion of agility
 m - a potion of invisibility {unknown}
Comestibles
 c - 5 meat rations
 g - a chunk of flesh


   Skills:
 + Level 4.1 Fighting
 + Level 3.2 Axes
 * Level 3.3 Armour
 + Level 1.0 Dodging
 + Level 1.3 Shields
 * Level 3.3 Invocations


You had 5 spell levels left.
You didn't know any spells.

Dungeon Overview and Level Annotations

Branches:
Dungeon (3/15)

Altars:
Fedhas
Hepliaklqana
Vehumet
The Shining One


Innate Abilities, Weirdness & Mutations

Your body is rotting away.
You thrive on raw meat.
You are immune to poison.
You have sharp fingernails.
You are carnivorous and can eat meat at any time.
Your flesh is cold resistant. (rC+)
You are immune to negative energy. (rN+++)
You regenerate slowly when monsters are visible.
You are immune to unholy pain and torment.
You can survive without breathing.


Message History

Beogh smites you!
The orc priest invokes the aid of Beogh against you.
Beogh smites you!
The orc priest invokes the aid of Beogh against you.
Beogh smites you!
* * * LOW HITPOINT WARNING * * *
You block the jackal's attack.
You feel better. You block the jackal's attack.
The jackal bites you but does no damage.
You closely miss the jackal.
The jackal bites you but does no damage. x2
You closely miss the jackal.
The jackal bites you but does no damage.
You block the jackal's attack.
You hit the jackal.
The jackal is heavily wounded.
The jackal bites you but does no damage.
The orc priest mumbles some strange prayers to Beogh against you.
Beogh smites you!
You die...

#....#....#....# #...........
###..########### #.....#..#..
#..# #........#.. ####..#
#######.#### #.....# ###
#.##### #.# ♣♣♣♣♣♣ ♣♣♣♣♣♣ #.#
♣♣♣....♣♣♣♣♣♣♣.oo.♣♣♣♣♣
#.#♣♣♣♣♣..♣♣♣@h..♣♣...♣♣...()o
#.......♣♣♣ ♣♣♣♣o.o♣♣♣♣♣♣♣♣♣♣♣
#......♣♣ ♣♣♣♣♣ ♣ #.#♣♣♣♣♣ ♣
#[# . #.# o.♣ #.#


o.o #.# .♣ #. You could see an orc priest, an orc and a jackal.

Vanquished Creatures
  The ghost of opaldes the Ruffian, an amateur DrTm (D:3)
  A hound (D:3)
  Ijyb (D:2)
  2 adders (D:2)
  A worm (D:3)
  3 dart slugs
  A leopard gecko (D:1)
  12 orcs (D:3)
  2 giant cockroaches
  13 goblins
  9 hobgoblins
  6 jackals (D:2)
  3 quokkas
  5 bats
  2 frilled lizards
  12 kobolds
  10 rats
84 creatures vanquished.

Notes
Turn   | Place    | Note
-------+----------+-------------------------------------------
     0 | Abyss:1  | Gargoyl the Ghoul Abyssal Knight began the quest for the Orb.
     0 | Abyss:1  | Reached XP level 1. HP: 19/19 MP: 1/1
   157 | Abyss:1  | Noticed a large abomination
   175 | Abyss:1  | Noticed a spatial vortex
   179 | Abyss:1  | Noticed a spatial vortex
   182 | Abyss:1  | Noticed a spatial vortex
   183 | Abyss:1  | Noticed a spatial vortex
   198 | Abyss:1  | Noticed a wretched star
   202 | Abyss:1  | Noticed a spatial vortex
   209 | Abyss:1  | Noticed a spatial vortex
   209 | Abyss:1  | Noticed a spatial vortex
   210 | Abyss:1  | Noticed a spatial vortex
   210 | Abyss:1  | Noticed a spatial vortex
   211 | Abyss:1  | Noticed a spatial vortex
   215 | Abyss:1  | Noticed a wretched star
   218 | D:1      | Escaped the Abyss
   727 | D:1      | Reached XP level 2. HP: 24/24 MP: 2/2
  1085 | D:1      | Reached * piety under Lugonu
  1319 | D:2      | Reached XP level 3. HP: 33/33 MP: 3/3
  1385 | D:2      | Reached skill level 4 in Fighting
  1390 | D:2      | Found a radiant altar of Vehumet.
  1400 | D:2      | Found a hazy altar of Hepliaklqana.
  1403 | D:2      | Found a glowing golden altar of the Shining One.
  1419 | D:2      | Found a blossoming altar of Fedhas.
  1624 | D:2      | Reached XP level 4. HP: 39/40 MP: 4/4
  1928 | D:2      | Reached ** piety under Lugonu
  1977 | D:2      | Noticed Ijyb
  1999 | D:2      | Killed Ijyb
  2106 | D:3      | Reached XP level 5. HP: 35/46 MP: 6/6
  2145 | D:3      | Noticed opaldes's ghost (amateur DrTm)
  2222 | D:3      | Killed opaldes's ghost
  2222 | D:3      | Reached skill level 1 in Dodging
  2222 | D:3      | Reached skill level 1 in Shields
  2356 | D:3      | Reached XP level 6. HP: 26/52 MP: 7/7
  2689 | D:3      | Killed from afar by an orc priest

Skill      XL: |  1  2  3  4  5 |
---------------+----------------+-----
Armour         | 2 3 |  3.3
Fighting       | 4 |  4.1
Axes           | 2 3 |  3.2
Dodging        | 1 |  1.0
Shields        | 1 |  1.3
Invocations    | 3 |  3.3

Action                   |  1- 3 |  4- 6 || total
-------------------------+-------+-------++-------
Melee: Hand axe          |   173 |   236 ||   409
Invok: Depart the Abyss  |     1 |       ||     1
  Use: Scroll            |     5 |     4 ||     9
       Potion            |       |     2 ||     2
  Eat: Chunk             |    14 |    20 ||    34
Armor: Plate armour      |   154 |   225 ||   379
Dodge: Dodged            |    29 |     5 ||    34
Block: Large shield      |    35 |   228 ||   263
